 Dungeon Crawl Stone Soup version 0.22.1-1-ga44c0e56f4 (webtiles) character file.

95 Cykl0x the Shield-Bearer (level 4, 0/35 HPs)
             Began as a Demonspawn Fighter on Sept 27, 2018.
             Killed from afar by an orc wizard (10 damage)
             ... with a puff of flame
             ... on level 3 of the Dungeon.
             The game lasted 00:14:35 (1672 turns).

Cykl0x the Shield-Bearer (Demonspawn Fighter)       Turns: 1672, Time: 00:14:35

Health: 0/35       AC: 12    Str: 17    XL:     4   Next: 39%
Magic:  4/4        EV:  2    Int: 10    God:
Gold:   81         SH: 13    Dex: 12    Spells: 3/3 levels left

rFire    . . .     SeeInvis .   a - +1 war axe
rCold    . . .     Gourm    .   g - +0 shield
rNeg     . . .     Faith    .   h - +0 plate armour
rPois    .         Spirit   .   (helmet restricted)
rElec    .         Reflect  .   (no cloak)
rCorr    .         Harm     .   n - +0 pair of gloves
MR       .....                  (no boots)
Stlth    ..........             (no amulet)
HPRegen  0.11/turn              j - ring of flight
MPRegen  0.09/turn              (no ring)

@: slowed, very slow
A: antennae 1, large bone plates 1, powered by pain 1
a: Evoke Flight


You were on level 3 of the Dungeon.
You were not hungry.

You visited 1 branch of the dungeon, and saw 3 of its levels.

You collected 81 gold pieces.

Inventory:

Hand Weapons
 a - a +1 war axe (weapon)
Armour
 g - a +0 shield (worn)
 h - a +0 plate armour (worn)
 n - a +0 pair of gloves (worn)
Jewellery
 j - a ring of flight (left hand)
Potions
 d - a potion of might
 e - 2 potions of lignification
 i - 2 potions of brilliance
 l - a potion of curing {unknown}
 m - 2 potions of magic
Comestibles
 f - 3 rations


   Skills:
 + Level 3.3 Fighting
 + Level 2.8 Axes
 + Level 3.1 Armour
 + Level 0.1 Dodging
 + Level 3.5 Shields


You had 3 spell levels left.
You didn't know any spells.
Your spell library contained the following spells:

 Spells                   Type           Power        Failure   Level  Hunger
 Animate Skeleton         Necr           N/A          100%        1    ##.....
 Apportation              Tloc           #.....       100%        1    ##.....
 Confusing Touch          Hex            #.....       100%        1    ##.....
 Summon Small Mammal      Summ           #...         100%        1    ##.....


Dungeon Overview and Level Annotations

Branches:
Dungeon (3/15)

Altars:


Innate Abilities, Weirdness & Mutations

You have a pair of small antennae on your head.
You are partially covered in large bone plates. (SH +4)
You sometimes gain a little power by taking damage.


Message History

You hear some strange, mumbled words.
A puff of flame appears from out of thin air!
The puff of flame hits you! The orc hits you but does no damage.
You block the kobold's attack.
The orc wizard casts a spell.
The orc wizard blinks!
You closely miss the kobold. You miss something.
Something hits you but does no damage. You block the orc's attack.
You block the kobold's attack.
The orc wizard mumbles some strange words.
The orc wizard seems to speed up.
Something hits you.
* * * LOW HITPOINT WARNING * * *
The orc barely misses you. The kobold hits you but does no damage.
Something hits you but does no damage.
You barely miss the kobold. You barely miss something.
You block the orc's attack. You block the kobold's attack.
You hear some strange, mumbled words.
A puff of flame appears from out of thin air!
The puff of flame hits you!
You die... ###### #....# .....# #....# #o... ooo

#{#
######@#
.....#K###
#.....#
###.#.#
#.#...
#.#####
#.## #..#
### ##)#


You could see an orc wizard, 3 orcs and a kobold.

Vanquished Creatures
  3 adders (D:2)
  2 worms (D:2)
  2 dart slugs (D:1)
  5 giant cockroaches
  7 goblins
  10 hobgoblins
  3 jackals (D:2)
  A quokka (D:2)
  5 bats
  4 frilled lizards
  9 kobolds
  4 rats
55 creatures vanquished.

Notes
Turn   | Place    | Note
-------+----------+-------------------------------------------
     0 | D:1      | Cykl0x the Demonspawn Fighter began the quest for the Orb.
     0 | D:1      | Reached XP level 1. HP: 18/18 MP: 1/1
    71 | D:1      | Gained mutation: You are partially covered in large bone
                  | plates. (SH +4) [demonic ancestry]
    71 | D:1      | Reached XP level 2. HP: 14/24 MP: 2/2
   430 | D:1      | Gained mutation: You have a pair of small antennae on your
                  | head. [demonic ancestry]
   430 | D:1      | Reached XP level 3. HP: 29/29 MP: 3/3
  1168 | D:2      | Gained mutation: You sometimes gain a little power by
                  | taking damage. [demonic ancestry]
  1168 | D:2      | Reached XP level 4. HP: 34/35 MP: 4/4
  1672 | D:3      | Killed from afar by an orc wizard

Skill      XL: |  1  2 |
---------------+-------+-----
Axes           | 2 |  2.8
Armour         | 3 |  3.1
Shields        | 3 |  3.5
Fighting       | |  3.3
Dodging        | |  0.1

Action                   |  1- 3 |  4- 6 || total
-------------------------+-------+-------++-------
Melee: War axe           |   151 |    64 ||   215
  Use: Scroll            |     5 |     6 ||    11
  Eat: Chunk             |     1 |     2 ||     3
Armor: Scale mail        |    39 |       ||    39
       Plate armour      |    46 |    49 ||    95
Dodge: Dodged            |    17 |     5 ||    22
Block: Shield            |   107 |    56 ||   163
